2765 views
Uploaded 2019-12-15 12:51:03
Game version 1.32.0.4
36:39 long 2on2 ladder game on (4)SynergyBigPaved
Saved by BEARAND
2765 views
Uploaded 2019-12-15 12:51:03
Game version 1.32.0.4
36:39 long 2on2 ladder game on (4)SynergyBigPaved


109 units @ 20.4k
/ 4.3k
35 buildings @ 5.8k
/ 2.4k



| Rod of Necromancy | 1 | 150 |
| Dust of Appearance | 2 | 150 |
| Scroll of Town Portal | 1 | 350 |
| total: | 4 | 650g |
| Acolyte | 17 | 1275 | / | 0 |
| Ghoul | 4 | 480 | / | 0 |
| Crypt Fiend | 7 | 1505 | / | 280 |
| Obsidian Statue | 2 | 400 | / | 70 |
| Frost Wyrm | 19 | 7315 | / | 2280 |
| total: | 49 | 10975g | / | 2630w |
| Nerubian Tower | 3 | 300 | / | 60 |
| Spirit Tower | 3 | 435 | / | 120 |
| Altar of Darkness | 1 | 180 | / | 50 |
| Ziggurat | 11 | 1650 | / | 550 |
| Crypt | 1 | 200 | / | 50 |
| Tomb of Relics | 2 | 260 | / | 60 |
| Graveyard | 1 | 215 | / | 0 |
| Necropolis | 1 | 225 | / | 0 |
| Slaughterhouse | 1 | 140 | / | 135 |
| Sacrificial Pit | 1 | 75 | / | 150 |
| Boneyard | 2 | 350 | / | 400 |
| Halls of the Dead | 1 | 320 | / | 210 |
| Black Citadel | 2 | 650 | / | 460 |
| total: | 21 | 3295g | / | 1395w |
| 0:09 | Altar of Darkness |
| 0:13 | Acolyte |
| 0:16 | Ziggurat |
| 0:23 | Acolyte |
| 0:45 | Crypt |
| 1:21 | Tomb of Relics |
| 1:25 | Tomb of Relics |
| 1:53 | Graveyard |
| 1:58 | Ghoul |
| 2:10 | Ziggurat |
| 2:16 | Death Coil |
| 2:20 | Ghoul |
| 2:21 | Ghoul |
| 2:31 | Rod of Necromancy |
| 2:36 | Ghoul |
| 2:51 | Acolyte |
| 3:04 | Acolyte |
| 3:18 | Crypt Fiend |
| 3:53 | Crypt Fiend |
| 4:09 | Halls of the Dead |
| 4:31 | Crypt Fiend |
| 5:04 | Crypt Fiend |
| 5:08 | Ziggurat |
| 5:19 | Unholy Aura |
| 5:54 | Nerubian Tower |
| 6:16 | Crypt Fiend |
| 6:34 | Acolyte |
| 6:37 | Acolyte |
| 7:24 | Dust of Appearance |
| 7:24 | Dust of Appearance |
| 7:35 | Slaughterhouse |
| 7:46 | Death Coil |
| 8:16 | Frost Nova |
| 8:23 | Creature Attack |
| 8:42 | Ziggurat |
| 8:57 | Spirit Tower |
| 9:37 | Obsidian Statue |
| 9:38 | Obsidian Statue |
| 9:40 | Improved Creature Attack |
| 9:52 | Crypt Fiend |
| 10:00 | Crypt Fiend |
| 11:34 | Frost Armor |
| 12:23 | Sacrificial Pit |
| 13:30 | Necropolis |
| 13:35 | Black Citadel |
| 13:42 | Creature Carapace |
| 13:59 | Ziggurat |
| 14:01 | Ziggurat |
| 14:05 | Ziggurat |
| 14:08 | Ziggurat |
| 15:13 | Acolyte |
| 15:13 | Acolyte |
| 15:17 | Acolyte |
| 15:18 | Acolyte |
| 15:18 | Acolyte |
| 15:30 | Ziggurat |
| 15:31 | Ziggurat |
| 15:34 | Ziggurat |
| 15:52 | Frost Nova |
| 16:05 | Boneyard |
| 16:11 | Boneyard |
| 16:25 | Advanced Creature Attack |
| 16:26 | Improved Creature Carapace |
| 16:30 | Spirit Tower |
| 16:33 | Nerubian Tower |
| 16:36 | Spirit Tower |
| 17:36 | Frost Wyrm |
| 17:36 | Frost Wyrm |
| 18:07 | Freezing Breath |
| 18:41 | Unholy Aura |
| 19:12 | Frost Wyrm |
| 19:12 | Frost Wyrm |
| 19:51 | Scroll of Town Portal |
| 20:23 | Nerubian Tower |
| 21:29 | Sleep |
| 22:29 | Frost Wyrm |
| 22:29 | Frost Wyrm |
| 22:57 | Frost Wyrm |
| 22:57 | Frost Wyrm |
| 23:14 | Advanced Creature Carapace |
| 23:42 | Acolyte |
| 24:03 | Web |
| 25:13 | Acolyte |
| 25:13 | Acolyte |
| 25:13 | Acolyte |
| 25:19 | Frost Wyrm |
| 25:19 | Frost Wyrm |
| 25:41 | Frost Wyrm |
| 25:59 | Acolyte |
| 25:59 | Acolyte |
| 28:09 | Frost Armor |
| 28:42 | Frost Wyrm |
| 30:25 | Frost Wyrm |
| 30:30 | Frost Wyrm |
| 30:30 | Frost Wyrm |
| 32:07 | Frost Wyrm |
| 32:53 | Frost Wyrm |
| 33:28 | Frost Wyrm |
| 33:29 | Frost Wyrm |
| 33:51 | Frost Nova |
| Right click | 1628 |
| Select | 387 |
| Select group | 198 |
| Assign group | 194 |
| Misc. action | 101 |
| Build/train/purchase | 95 |
| Use ability | 43 |
| Chat | 4 |
| Item give/drop | 2 |
| Esc | 2 |
| Minimap ping | 2 |



| Scroll of Town Portal | 1 | 350 |
| Claws of Attack +6 | 1 | 125 |
| total: | 2 | 475g |
| Wisp | 19 | 1140 | / | 0 |
| Archer | 10 | 1300 | / | 100 |
| Huntress | 12 | 2340 | / | 240 |
| Druid of the Claw | 7 | 1785 | / | 560 |
| Glaive Thrower | 9 | 1890 | / | 585 |
| Chimaera | 3 | 990 | / | 210 |
| total: | 60 | 9445g | / | 1695w |
| Altar of Elders | 1 | 180 | / | 50 |
| Moon Well | 7 | 1260 | / | 280 |
| Ancient of War | 1 | 150 | / | 60 |
| Hunter's Hall | 1 | 210 | / | 100 |
| Ancient of Wonders | 1 | 90 | / | 30 |
| Tree of Life | 1 | 340 | / | 185 |
| Ancient of Lore | 1 | 155 | / | 145 |
| Chimaera Roost | 1 | 140 | / | 190 |
| Tree of Ages | 1 | 320 | / | 180 |
| Tree of Eternity | 1 | 330 | / | 200 |
| total: | 14 | 2525g | / | 1040w |
| 0:10 | Altar of Elders |
| 0:11 | Wisp |
| 0:12 | Wisp |
| 0:33 | Moon Well |
| 0:43 | Wisp |
| 0:50 | Ancient of War |
| 0:55 | Wisp |
| 0:55 | Wisp |
| 1:30 | Wisp |
| 1:59 | Archer |
| 2:00 | Archer |
| 2:05 | Moon Well |
| 2:12 | Wisp |
| 2:12 | Wisp |
| 2:20 | Archer |
| 3:08 | Immolation |
| 3:16 | Hunter's Hall |
| 3:46 | Archer |
| 3:47 | Archer |
| 4:29 | Strength of the Moon |
| 4:59 | Huntress |
| 4:59 | Huntress |
| 4:59 | Huntress |
| 5:06 | Moon Well |
| 5:17 | Evasion |
| 5:21 | Wisp |
| 5:21 | Wisp |
| 5:21 | Wisp |
| 6:27 | Moon Well |
| 7:54 | Immolation |
| 8:28 | Tree of Ages |
| 8:41 | Huntress |
| 8:45 | Archer |
| 8:54 | Huntress |
| 9:55 | Ultravision |
| 12:13 | Huntress |
| 12:13 | Huntress |
| 12:13 | Huntress |
| 12:15 | Huntress |
| 12:39 | Wisp |
| 12:39 | Wisp |
| 12:39 | Wisp |
| 13:19 | Mana Burn |
| 13:47 | Ancient of Lore |
| 13:56 | Wisp |
| 13:56 | Wisp |
| 14:51 | Tree of Eternity |
| 15:03 | Druid of the Claw |
| 15:03 | Druid of the Claw |
| 15:13 | Archer |
| 15:13 | Archer |
| 15:13 | Archer |
| 15:15 | Archer |
| 15:34 | Claws of Attack +6 |
| 16:01 | Entangling Roots |
| 17:58 | Vorpal Blades |
| 18:16 | Moon Well |
| 19:20 | Chimaera Roost |
| 19:32 | Moon Well |
| 19:40 | Moon Glaive |
| 19:49 | Druid of the Claw |
| 19:49 | Druid of the Claw Adept Training |
| 20:11 | Ancient of Wonders |
| 20:49 | Trueshot Aura |
| 21:00 | Druid of the Claw Master Training |
| 21:04 | Glaive Thrower |
| 21:04 | Glaive Thrower |
| 21:10 | Moon Well |
| 21:16 | Corrosive Breath |
| 23:11 | Chimaera |
| 23:11 | Chimaera |
| 23:12 | Chimaera |
| 23:19 | Druid of the Claw |
| 23:20 | Druid of the Claw |
| 23:20 | Druid of the Claw |
| 23:22 | Mark of the Claw |
| 24:01 | Tree of Life |
| 25:33 | Scroll of Town Portal |
| 26:00 | Wisp |
| 26:00 | Wisp |
| 26:02 | Wisp |
| 28:21 | Immolation |
| 30:01 | Huntress |
| 30:01 | Huntress |
| 30:01 | Huntress |
| 31:51 | Glaive Thrower |
| 31:51 | Glaive Thrower |
| 31:51 | Glaive Thrower |
| 31:51 | Glaive Thrower |
| 31:52 | Glaive Thrower |
| 31:53 | Glaive Thrower |
| 31:53 | Glaive Thrower |
| 32:28 | Druid of the Claw |
| Right click | 1931 |
| Select | 419 |
| Build/train/purchase | 110 |
| Use ability | 17 |
| Chat | 11 |
| Assign group | 9 |
| Misc. action | 6 |
| Minimap ping | 4 |
| Remove unit | 3 |
| Select group | 1 |
| Esc | 1 |
78 units @ 8.5k
/ 1.2k
217 buildings @ 15.7k
/ 9.5k
BEARAND
(36:39) : 


x1)
| Staff of Sanctuary | 3 | 750 |
| Lesser Clarity Potion | 1 | 70 |
| Staff of Teleportation | 3 | 450 |
| Boots of Speed | 3 | 750 |
| Periapt of Vitality | 1 | 325 |
| Tome of Retraining | 1 | 300 |
| Healing Salve | 2 | 200 |
| Orb of Lightning | 2 | 750 |
| Medallion of Courage | 1 | 500 |
| Pendant of Energy | 1 | 300 |
| total: | 18 | 4395g |
| Peasant | 31 | 2325 | / | 0 |
| Priest | 2 | 270 | / | 20 |
| total: | 33 | 2595g | / | 20w |
| Scout Tower | 127 | 3810 | / | 2540 |
| Arcane Tower | 9 | 630 | / | 450 |
| Guard Tower | 63 | 4410 | / | 3150 |
| Altar of Kings | 1 | 180 | / | 50 |
| Farm | 6 | 480 | / | 120 |
| Lumber Mill | 1 | 120 | / | 0 |
| Town Hall | 4 | 1540 | / | 820 |
| Arcane Vault | 3 | 390 | / | 90 |
| Arcane Sanctum | 1 | 150 | / | 140 |
| Keep | 2 | 640 | / | 420 |
| Castle | 2 | 720 | / | 420 |
| total: | 143 | 6670g | / | 3760w |
| 0:05 | Peasant |
| 0:05 | Peasant |
| 0:12 | Altar of Kings |
| 0:16 | Peasant |
| 0:22 | Farm |
| 0:31 | Peasant |
| 0:41 | Farm |
| 0:46 | Farm |
| 0:47 | Farm |
| 0:49 | Peasant |
| 0:55 | Peasant |
| 1:07 | Lumber Mill |
| 1:15 | Scout Tower |
| 1:21 | Peasant |
| 1:27 | Scout Tower |
| 1:35 | Peasant |
| 1:41 | Arcane Tower |
| 1:45 | Peasant |
| 1:49 | Scout Tower |
| 1:55 | Peasant |
| 2:09 | Guard Tower |
| 2:11 | Summon Water Elemental |
| 2:15 | Peasant |
| 2:52 | Guard Tower |
| 2:53 | Scout Tower |
| 2:55 | Peasant |
| 2:55 | Peasant |
| 2:55 | Peasant |
| 3:10 | Peasant |
| 3:13 | Scout Tower |
| 3:15 | Healing Salve |
| 3:40 | Guard Tower |
| 3:41 | Keep |
| 3:43 | Brilliance Aura |
| 4:52 | Town Hall |
| 4:56 | Scout Tower |
| 4:57 | Scout Tower |
| 4:58 | Scout Tower |
| 4:58 | Scout Tower |
| 4:59 | Scout Tower |
| 5:09 | Guard Tower |
| 5:24 | Staff of Teleportation |
| 5:30 | Boots of Speed |
| 5:38 | Farm |
| 5:43 | Farm |
| 5:45 | Arcane Tower |
| 5:48 | Guard Tower |
| 5:51 | Scout Tower |
| 5:52 | Scout Tower |
| 5:52 | Scout Tower |
| 5:52 | Scout Tower |
| 6:18 | Guard Tower |
| 6:18 | Guard Tower |
| 6:20 | Scout Tower |
| 6:23 | Scout Tower |
| 6:42 | Peasant |
| 6:42 | Peasant |
| 6:43 | Peasant |
| 7:07 | Guard Tower |
| 7:12 | Guard Tower |
| 7:23 | Storm Bolt |
| 7:30 | Guard Tower |
| 7:46 | Summon Water Elemental |
| 8:19 | Guard Tower |
| 8:21 | Castle |
| 8:22 | Scout Tower |
| 8:23 | Scout Tower |
| 8:24 | Scout Tower |
| 8:25 | Scout Tower |
| 8:37 | Boots of Speed |
| 8:37 | Periapt of Vitality |
| 9:03 | Arcane Sanctum |
| 9:05 | Scout Tower |
| 9:07 | Scout Tower |
| 9:08 | Scout Tower |
| 9:08 | Scout Tower |
| 9:08 | Scout Tower |
| 9:09 | Scout Tower |
| 9:09 | Scout Tower |
| 9:10 | Scout Tower |
| 9:10 | Scout Tower |
| 9:21 | Staff of Teleportation |
| 10:04 | Improved Masonry |
| 10:05 | Improved Lumber Harvesting |
| 10:29 | Guard Tower |
| 10:37 | Arcane Vault |
| 10:41 | Bash |
| 10:47 | Guard Tower |
| 10:54 | Scout Tower |
| 10:54 | Scout Tower |
| 10:55 | Guard Tower |
| 10:56 | Guard Tower |
| 11:02 | Magic Sentry |
| 11:02 | Priest |
| 11:04 | Priest |
| 11:08 | Arcane Vault |
| 11:12 | Arcane Vault |
| 11:21 | Guard Tower |
| 11:21 | Guard Tower |
| 11:59 | Scout Tower |
| 11:59 | Scout Tower |
| 12:01 | Scout Tower |
| 12:08 | Guard Tower |
| 12:14 | Scout Tower |
| 12:14 | Scout Tower |
| 12:15 | Scout Tower |
| 12:16 | Advanced Masonry |
| 12:16 | Advanced Lumber Harvesting |
| 12:32 | Orb of Lightning |
| 12:34 | Guard Tower |
| 12:45 | Scout Tower |
| 12:45 | Scout Tower |
| 12:46 | Scout Tower |
| 12:46 | Scout Tower |
| 12:47 | Scout Tower |
| 12:47 | Scout Tower |
| 12:57 | Staff of Sanctuary |
| 13:08 | Guard Tower |
| 13:11 | Scout Tower |
| 13:11 | Scout Tower |
| 13:12 | Scout Tower |
| 13:12 | Scout Tower |
| 13:13 | Guard Tower |
| 13:14 | Scout Tower |
| 13:17 | Scout Tower |
| 13:18 | Scout Tower |
| 13:18 | Scout Tower |
| 13:20 | Priest Adept Training |
| 13:20 | Sorceress Adept Training |
| 13:37 | Imbued Masonry |
| 13:42 | Staff of Sanctuary |
| 13:44 | Healing Salve |
| 13:45 | Lesser Clarity Potion |
| 13:47 | Holy Light |
| 13:57 | Arcane Tower |
| 13:57 | Guard Tower |
| 13:57 | Guard Tower |
| 13:58 | Guard Tower |
| 15:10 | Guard Tower |
| 15:16 | Scout Tower |
| 15:17 | Scout Tower |
| 15:17 | Scout Tower |
| 15:17 | Scout Tower |
| 15:36 | Boots of Speed |
| 15:36 | Staff of Teleportation |
| 15:52 | Guard Tower |
| 16:05 | Town Hall |
| 16:08 | Scout Tower |
| 16:09 | Scout Tower |
| 16:09 | Scout Tower |
| 16:10 | Scout Tower |
| 16:10 | Scout Tower |
| 16:11 | Scout Tower |
| 16:11 | Scout Tower |
| 16:12 | Scout Tower |
| 16:44 | Storm Bolt |
| 17:00 | Divine Shield |
| 17:12 | Guard Tower |
| 17:27 | Guard Tower |
| 17:30 | Scout Tower |
| 17:30 | Scout Tower |
| 17:40 | Staff of Sanctuary |
| 17:47 | Orb of Lightning |
| 17:53 | Guard Tower |
| 18:25 | Guard Tower |
| 18:25 | Guard Tower |
| 19:03 | Scout Tower |
| 19:04 | Scout Tower |
| 19:05 | Scout Tower |
| 19:05 | Scout Tower |
| 19:10 | Brilliance Aura |
| 19:22 | Town Hall |
| 19:34 | Tome of Retraining |
| 19:34 | Retrain Hero |
| 19:37 | Blizzard |
| 19:37 | Brilliance Aura |
| 19:37 | Blizzard |
| 19:37 | Brilliance Aura |
| 19:44 | Guard Tower |
| 19:50 | Scout Tower |
| 19:50 | Scout Tower |
| 19:51 | Scout Tower |
| 19:51 | Scout Tower |
| 19:52 | Scout Tower |
| 19:52 | Scout Tower |
| 19:53 | Scout Tower |
| 19:53 | Scout Tower |
| 20:31 | Scout Tower |
| 20:31 | Scout Tower |
| 20:32 | Guard Tower |
| 20:50 | Scout Tower |
| 20:51 | Scout Tower |
| 20:51 | Scout Tower |
| 20:52 | Scout Tower |
| 20:52 | Scout Tower |
| 20:52 | Scout Tower |
| 21:02 | Peasant |
| 21:02 | Peasant |
| 21:03 | Peasant |
| 21:03 | Peasant |
| 22:05 | Guard Tower |
| 22:24 | Holy Light |
| 23:09 | Guard Tower |
| 23:20 | Guard Tower |
| 23:25 | Arcane Tower |
| 23:26 | Arcane Tower |
| 23:26 | Arcane Tower |
| 23:26 | Arcane Tower |
| 23:27 | Guard Tower |
| 23:27 | Guard Tower |
| 23:28 | Guard Tower |
| 24:04 | Scout Tower |
| 24:04 | Scout Tower |
| 24:05 | Scout Tower |
| 24:05 | Scout Tower |
| 24:06 | Scout Tower |
| 24:06 | Scout Tower |
| 24:08 | Scout Tower |
| 24:08 | Scout Tower |
| 24:09 | Scout Tower |
| 24:09 | Scout Tower |
| 24:10 | Scout Tower |
| 24:11 | Scout Tower |
| 24:12 | Peasant |
| 24:13 | Peasant |
| 24:13 | Peasant |
| 24:13 | Peasant |
| 24:13 | Peasant |
| 25:12 | Bash |
| 25:14 | Guard Tower |
| 25:23 | Guard Tower |
| 25:24 | Guard Tower |
| 25:25 | Guard Tower |
| 25:29 | Scout Tower |
| 25:29 | Scout Tower |
| 25:30 | Scout Tower |
| 25:31 | Scout Tower |
| 25:31 | Scout Tower |
| 25:32 | Scout Tower |
| 25:38 | Bash |
| 25:45 | Guard Tower |
| 26:01 | Guard Tower |
| 26:02 | Guard Tower |
| 26:28 | Guard Tower |
| 26:52 | Guard Tower |
| 28:42 | Peasant |
| 28:42 | Peasant |
| 28:42 | Peasant |
| 28:42 | Peasant |
| 29:44 | Divine Shield |
| 30:11 | Scout Tower |
| 30:12 | Scout Tower |
| 30:13 | Scout Tower |
| 30:13 | Scout Tower |
| 30:14 | Scout Tower |
| 30:17 | Scout Tower |
| 30:18 | Scout Tower |
| 30:18 | Scout Tower |
| 30:19 | Scout Tower |
| 30:46 | Guard Tower |
| 30:53 | Guard Tower |
| 31:15 | Scout Tower |
| 31:15 | Scout Tower |
| 31:44 | Town Hall |
| 31:54 | Scout Tower |
| 31:56 | Scout Tower |
| 31:56 | Scout Tower |
| 31:57 | Scout Tower |
| 31:58 | Scout Tower |
| 32:01 | Arcane Tower |
| 32:15 | Scout Tower |
| 32:15 | Guard Tower |
| 32:44 | Guard Tower |
| 32:50 | Scout Tower |
| 32:52 | Scout Tower |
| 32:53 | Scout Tower |
| 32:57 | Arcane Tower |
| 33:17 | Scout Tower |
| 33:18 | Scout Tower |
| 33:18 | Scout Tower |
| 33:21 | Scout Tower |
| 33:54 | Guard Tower |
| 34:02 | Medallion of Courage |
| 34:12 | Pendant of Energy |
| 36:04 | Brilliance Aura |
| 36:26 | Holy Light |
| Right click | 2669 |
| Select | 889 |
| Select group | 414 |
| Build/train/purchase | 235 |
| Use ability | 122 |
| Misc. action | 43 |
| Chat | 39 |
| Assign group | 38 |
| Resource trade | 26 |
| Minimap ping | 18 |
| Item give/drop | 11 |
| Remove unit | 1 |


| Healing Salve | 3 | 300 |
| Lesser Clarity Potion | 6 | 420 |
| Orb of Lightning | 2 | 750 |
| Potion of Healing | 1 | 150 |
| Staff of Teleportation | 2 | 300 |
| Boots of Speed | 2 | 500 |
| Staff of Sanctuary | 2 | 500 |
| Claws of Attack +9 | 1 | 300 |
| Robe of the Magi +6 | 1 | 400 |
| Ancient Janggo of Endurance | 1 | 500 |
| Boots of Quel'Thalas +6 | 1 | 400 |
| total: | 22 | 4520g |
| Peon | 15 | 1125 | / | 0 |
| Troll Batrider | 30 | 4800 | / | 1200 |
| total: | 45 | 5925g | / | 1200w |
| Watch Tower | 62 | 6820 | / | 4960 |
| Altar of Storms | 1 | 180 | / | 50 |
| Orc Burrow | 4 | 640 | / | 160 |
| War Mill | 2 | 410 | / | 0 |
| Voodoo Lounge | 2 | 260 | / | 60 |
| Great Hall | 1 | 385 | / | 185 |
| Beastiary | 2 | 290 | / | 280 |
| Stronghold | 1 | 315 | / | 190 |
| Fortress | 1 | 325 | / | 190 |
| total: | 74 | 8985g | / | 5695w |
| 0:07 | Altar of Storms |
| 0:17 | Orc Burrow |
| 0:26 | Peon |
| 0:26 | Peon |
| 0:36 | War Mill |
| 0:49 | Peon |
| 1:12 | Voodoo Lounge |
| 1:18 | Peon |
| 1:32 | Peon |
| 1:53 | Peon |
| 1:53 | Peon |
| 1:58 | Orc Burrow |
| 2:08 | Wind Walk |
| 2:11 | Peon |
| 2:12 | Peon |
| 2:25 | Watch Tower |
| 2:49 | Peon |
| 2:50 | Peon |
| 3:08 | Watch Tower |
| 3:27 | Peon |
| 3:46 | Stronghold |
| 3:59 | Staff of Teleportation |
| 4:00 | Boots of Speed |
| 4:15 | Healing Salve |
| 4:15 | Lesser Clarity Potion |
| 4:34 | Watch Tower |
| 4:42 | Watch Tower |
| 4:58 | Critical Strike |
| 5:24 | Watch Tower |
| 5:25 | Watch Tower |
| 5:42 | Watch Tower |
| 6:16 | Lesser Clarity Potion |
| 6:18 | Healing Salve |
| 6:19 | Fortress |
| 7:10 | Watch Tower |
| 7:10 | Watch Tower |
| 7:32 | Hex |
| 7:38 | Beastiary |
| 7:40 | Reinforced Defenses |
| 8:23 | Staff of Teleportation |
| 8:23 | Boots of Speed |
| 8:32 | Wind Walk |
| 8:45 | Voodoo Lounge |
| 8:48 | Troll Batrider |
| 8:48 | Troll Batrider |
| 9:26 | Orb of Lightning |
| 9:27 | Lesser Clarity Potion |
| 9:48 | Orc Burrow |
| 9:51 | Watch Tower |
| 10:48 | Watch Tower |
| 11:08 | Watch Tower |
| 11:09 | Watch Tower |
| 11:09 | Watch Tower |
| 11:39 | Lesser Clarity Potion |
| 11:43 | Healing Salve |
| 11:47 | Potion of Healing |
| 12:07 | Lesser Clarity Potion |
| 12:12 | Watch Tower |
| 12:15 | Staff of Sanctuary |
| 12:45 | Orb of Lightning |
| 13:05 | Troll Batrider |
| 13:05 | Troll Batrider |
| 13:44 | Watch Tower |
| 13:49 | Watch Tower |
| 13:51 | Watch Tower |
| 14:40 | Healing Wave |
| 14:58 | Critical Strike |
| 15:05 | Watch Tower |
| 15:06 | Watch Tower |
| 15:07 | Watch Tower |
| 15:13 | Troll Batrider |
| 15:13 | Troll Batrider |
| 15:14 | Troll Batrider |
| 15:15 | Orc Burrow |
| 16:46 | Watch Tower |
| 16:47 | Watch Tower |
| 16:50 | Watch Tower |
| 16:55 | Watch Tower |
| 16:56 | Watch Tower |
| 17:27 | Lesser Clarity Potion |
| 17:29 | Staff of Sanctuary |
| 17:39 | Troll Batrider |
| 17:39 | Troll Batrider |
| 17:39 | Troll Batrider |
| 17:44 | Peon |
| 18:23 | Watch Tower |
| 18:24 | Watch Tower |
| 18:34 | Claws of Attack +9 |
| 18:43 | Robe of the Magi +6 |
| 19:33 | Watch Tower |
| 19:33 | Watch Tower |
| 19:37 | Watch Tower |
| 20:09 | Healing Wave |
| 20:39 | Troll Batrider |
| 20:39 | Troll Batrider |
| 20:39 | Troll Batrider |
| 20:39 | Troll Batrider |
| 20:39 | Troll Batrider |
| 20:40 | Troll Batrider |
| 20:54 | Watch Tower |
| 21:42 | Ancient Janggo of Endurance |
| 23:08 | Watch Tower |
| 23:10 | Troll Batrider |
| 23:10 | Troll Batrider |
| 23:10 | Troll Batrider |
| 23:10 | Troll Batrider |
| 23:52 | Beastiary |
| 23:56 | Steel Ranged Weapons |
| 23:57 | Spiked Barricades |
| 24:18 | Watch Tower |
| 24:32 | Boots of Quel'Thalas +6 |
| 24:42 | Liquid Fire |
| 25:12 | War Mill |
| 25:56 | Wind Walk |
| 26:05 | Troll Batrider |
| 26:05 | Troll Batrider |
| 28:44 | Hex |
| 29:48 | Watch Tower |
| 29:50 | Watch Tower |
| 29:54 | Bladestorm |
| 30:33 | Troll Batrider |
| 30:33 | Troll Batrider |
| 30:49 | Watch Tower |
| 31:30 | Watch Tower |
| 31:42 | Great Hall |
| 31:45 | Watch Tower |
| 31:47 | Watch Tower |
| 31:49 | Watch Tower |
| 31:50 | Watch Tower |
| 31:54 | Watch Tower |
| 31:55 | Watch Tower |
| 31:55 | Watch Tower |
| 31:57 | Watch Tower |
| 32:55 | Watch Tower |
| 33:03 | Watch Tower |
| 33:04 | Watch Tower |
| 33:05 | Watch Tower |
| 33:09 | Watch Tower |
| 33:57 | Watch Tower |
| 33:57 | Watch Tower |
| 33:58 | Watch Tower |
| 33:59 | Watch Tower |
| 34:11 | Watch Tower |
| 34:19 | Watch Tower |
| 34:36 | Peon |
| 34:36 | Peon |
| 34:43 | Watch Tower |
| 34:43 | Watch Tower |
| 36:28 | Watch Tower |
| 36:29 | Watch Tower |
| 36:32 | Troll Batrider |
| 36:32 | Troll Batrider |
| 36:32 | Troll Batrider |
| 36:32 | Troll Batrider |
| 36:32 | Troll Batrider |
| 36:32 | Troll Batrider |
| 36:38 | Watch Tower |
| Right click | 2307 |
| Select group | 1446 |
| Select | 274 |
| Build/train/purchase | 160 |
| Use ability | 127 |
| Minimap ping | 47 |
| Assign group | 23 |
| Resource trade | 23 |
| Misc. action | 21 |
| Item give/drop | 12 |
| Chat | 12 |
| Esc | 3 |